 Dungeon Crawl Stone Soup version 0.19-a0-934-gf1df8d1 (webtiles) character file.

662 ololoev the Conjurer (level 7, -4/62 HPs)
             Began as a Naga Wanderer on July 7, 2016.
             Was an Initiate of Vehumet.
             Slain by Joseph
             ... wielding a +0 quarterstaff
              (16 damage)
             ... on level 7 of the Dungeon.
             The game lasted 00:17:22 (5574 turns).

ololoev the Conjurer (Naga Wanderer)                Turns: 5574, Time: 00:17:23

Health: -4/62      AC:  6    Str: 13    XL:     7   Next: 56%
Magic:  1/27       EV: 14    Int: 14    God:    Vehumet [......]
Gold:   264        SH:  0    Dex: 12    Spells: 3 memorised, 6 levels left

rFire  . . .     SeeInvis +     a - staff of power
rCold  . . .     Gourm    .     d - +0 robe
rNeg   . . .     Faith    .     (no shield)
rPois  +         Spirit   .     (no helmet)
rElec  .         Dismiss  .     B - +0 cloak
rCorr  .         Reflect  .     w - +1 pair of gloves
SustAt .         Harm     .     (no barding)
MR     .....                    (no amulet)
Stlth  +++.......               n - ring of wizardry
                                x - +5 ring of evasion

@: very slightly contaminated, very slow, not resistant to hostile enchantments,
fairly stealthy
A: see invisible, deformed body, poison resistance, slowness 2, slow metabolism
1, spit poison 2, AC +2
a: Spit Poison, Renounce Religion


Innate Abilities, Weirdness & Mutations

You cannot wear boots.
Your serpentine skin is tough. (AC +2)
You have supernaturally acute eyesight. (SInv)
Armour fits poorly on your strangely shaped body.
Your system is resistant to poisons. (rPois)
You cover ground very slowly.
You have a slow metabolism.
You can spit poison.

Inventory:

Armour
 d - a +0 robe (worn)
 w - a +1 pair of gloves (worn)
 B - a +0 cloak (worn)
Magical Staves
 a - an uncursed staff of power (weapon)
Jewellery
 f - an uncursed ring of ice
 n - a ring of wizardry (right hand)
 x - a +5 ring of evasion (left hand)
Wands
 m - a wand of acid (0/15)
 C - a wand of acid (3/15)
Scrolls
 h - a scroll of immolation {unknown}
 j - 3 scrolls of remove curse
 k - a scroll of random uselessness {unknown}
 l - a scroll of magic mapping
 p - a scroll of blinking
 q - a scroll of fear {unknown}
 s - 4 scrolls of recharging
 t - a scroll of amnesia {unknown}
 y - 3 scrolls of enchant armour
Potions
 c - 3 potions of lignification
 i - 2 potions of cancellation {unknown}
 r - 2 potions of agility
 z - a potion of brilliance {unknown}
 A - a potion of heal wounds {unknown}
 D - a potion of ambrosia {unknown}
Books
 e - a book of Frost

   Spells                             Type                      Level
   a - Freeze                         Ice                          1
   b - Throw Frost                    Conjuration/Ice              2
   c - Ozocubu's Armour               Charms/Ice                   3
   d - Throw Icicle                   Conjuration/Ice              4
   e - Summon Ice Beast               Ice/Summoning                4
Comestibles
 g - 4 bread rations
 o - 4 meat rations
 v - a fruit


   Skills:
 + Level 3.4 Fighting
 - Level 3.8 Stealth
 + Level 3.5 Spellcasting
 * Level 4.6 Conjurations
   Level 3.0 Translocations
 * Level 4.6 Ice Magic


You had 6 spell levels left.
You knew the following spells:

 Your Spells              Type           Power        Failure   Level  Hunger
a - Freeze                Ice            ###.         1%          1    #......
b - Throw Icicle          Conj/Ice       ###.....     12%         4    #####..
c - Throw Frost           Conj/Ice       ###...       1%          2    ##.....


You were on level 7 of the Dungeon.
You worshipped Vehumet.
Vehumet was noncommittal.
You were very hungry.

You visited 2 branches of the dungeon, and saw 8 of its levels.

You collected 264 gold pieces.

..## # ... .##..
..#.#####
######........
##.............
#..............
##......@.......
#####........@......
#...................
........?...........
##.................
#.................
#.................
##................
#................

Notes
Turn   | Place    | Note
-------+----------+-------------------------------------------
     0 | D:1      | ololoev the Naga Wanderer began the quest for the Orb.
     0 | D:1      | ololoev set off with: a book of Frost, the Tome of the Traveller, a potion of lignification, a +0 robe, a +0 club, a +0 dagger, a bread ration
     0 | D:1      | Reached XP level 1. HP: 15/15 MP: 3/3
     0 | D:1      | Identified the Tome of the Traveller
     0 | D:1      | ololoev: нойс старт
     0 | D:1      | ololoev: вот тлоки хз зачем только
     2 | D:1      | Learned a level 1 spell: Freeze
     3 | D:1      | Goblin1989: нага-маг?
     3 | D:1      | ololoev: yep
    88 | D:1      | Goblin1989: дай еще раз ссылку на телейфон этот
    92 | D:1      | ololoev: http://doodle.multator.ru/room/crawl
   280 | D:1      | Reached skill level 1 in Fighting
   280 | D:1      | Reached XP level 2. HP: 25/25 MP: 5/5
   627 | D:2      | Reached XP level 3. HP: 31/31 MP: 1/6
  1298 | D:2      | Reached XP level 4. HP: 34/39 MP: 3/7
  1323 | D:2      | Learned a level 4 spell: Throw Icicle
  1326 | D:2      | Learned a level 2 spell: Throw Frost
  1876 | D:3      | Reached skill level 1 in Conjurations
  2099 | D:3      | Goblin1989: откуда он взялся?
  2140 | D:3      | ololoev: телепорт либо заспавнился
  2149 | D:3      | Reached XP level 5. HP: 45/45 MP: 6/9
  2404 | D:3      | Goblin1989: NaFE нет у тебя тоже
  3016 | D:3      | Reached XP level 6. HP: 55/55 MP: 3/10
  3112 | D:3      | Found a bloodstained altar of Trog.
  3112 | D:3      | Found an oddly glowing altar of Pakellas.
  3181 | D:4      | Found a staircase to the Ecumenical Temple.
  3202 | Temple   | Entered the Ecumenical Temple
  3280 | Temple   | Became a worshipper of Vehumet
  3734 | D:5      | Entered Level 5 of the Dungeon
  3739 | D:5      | Found a shattered altar of Ashenzari.
  3788 | D:5      | Found a glowing drain.
  3801 | D:5      | ololoev: отстой
  3801 | D:5      | ololoev: чертовы мимики!
  4009 | D:5      | Reached XP level 7. HP: 47/62 MP: 8/11
  4757 | D:6      | Noticed tstbtto's ghost (novice HEFi)
  5000 | D:6      | Found a snail-covered altar of Cheibriados.
  5348 | D:7      | Found a hide-covered altar of Uskayaw.
  5556 | D:7      | Noticed Joseph
  5574 | D:7      | Slain by Joseph

Dungeon Overview and Level Annotations

Branches:
Dungeon (7/15)             Temple (1/1) D:4

Altars:
Ashenzari
Cheibriados
Gozag
Hepliaklqana
Nemelex Xobeh
Okawaru
Pakellas
Sif Muna
Trog
Uskayaw
Vehumet
Xom
Zin
The Shining One

Annotations:
D:6 tstbtto's ghost, novice HEFi
D:7 Joseph


Message History

Casting: Throw Icicle
Confirm with . or Enter, or press ? or * to list all spells.
Aiming: Throw Icicle
Press: ? - help, Shift-Dir - straight line, f/p - Joseph
Aim: Joseph, wielding a quarterstaff and wearing a ring mail (moderately wounded, poisoned)
You miscast Throw Icicle.
You are very lightly contaminated with residual magic.
Sparks fly from your hands! Joseph barely misses you.
Casting: Throw Icicle
Confirm with . or Enter, or press ? or * to list all spells.
Aiming: Throw Icicle
Press: ? - help, Shift-Dir - straight line, f/p - Joseph
Aim: Joseph, wielding a quarterstaff and wearing a ring mail (moderately wounded, poisoned)
The shard of ice hits Joseph.
Joseph is heavily wounded.
You are near starving!
Joseph hits you but does no damage.
Casting: Throw Icicle
Confirm with . or Enter, or press ? or * to list all spells.
Aiming: Throw Icicle
Press: ? - help, Shift-Dir - straight line, f/p - Joseph
Aim: Joseph, wielding a quarterstaff and wearing a ring mail (heavily wounded, poisoned)
The shard of ice hits Joseph.
Joseph is heavily wounded.
Joseph closely misses you.
Casting: Throw Icicle
Confirm with . or Enter, or press ? or * to list all spells.
Aiming: Throw Icicle
Press: ? - help, Shift-Dir - straight line, f/p - Joseph
Aim: Joseph, wielding a quarterstaff and wearing a ring mail (heavily wounded, poisoned)
You miscast Throw Icicle.
Your hands feel numb with cold.
You are starving!
You have got your breath back.
Joseph looks more healthy.
Joseph hits you with a quarterstaff!
You hit Joseph but do no damage.
Joseph is heavily wounded.
Joseph hits you with a quarterstaff!
You hit Joseph.
Joseph is severely wounded.
Joseph hits you with a quarterstaff!
You don't have the energy to cast that spell.
You start eating one of the 2 fruits.
Joseph hits you with a quarterstaff!
You are feeling very hungry.
Mmmm...
Yummy breadfruit.
Casting: Throw Icicle
Confirm with . or Enter, or press ? or * to list all spells.
Aiming: Freeze
Press: ? - help, Shift-Dir - straight line, f/p - Joseph
Aim: Joseph, wielding a quarterstaff and wearing a ring mail (heavily wounded)
You freeze Joseph.
Joseph is severely wounded.
Joseph hits you with a quarterstaff.
Use which ability? (? or * to list)
Press: ? - help, Shift-Dir - straight line, f/p - Joseph
Aim: Joseph, wielding a quarterstaff and wearing a ring mail (severely wounded)
The splash of poison hits Joseph.
Joseph is poisoned.
Joseph is severely wounded.
You feel slightly more hungry. Joseph completely misses you.
Evoke which item? (* to show all) (? for menu, Esc to quit)
Zapping:
m - a wand of acid (will waste charges)
Press: ? - help, Shift-Dir - straight line, f/p - Joseph
Aim: Joseph, wielding a quarterstaff and wearing a ring mail (severely wounded, poisoned)
The bolt of acid misses Joseph.
Evoking this partially-identified wand wasted a few charges.
Joseph hits you with a quarterstaff!
Evoke which item? (* to show all) (? for menu, Esc to quit)
Zapping:
m - a wand of acid {zapped: 3} (will waste charges)
Press: ? - help, Shift-Dir - straight line, f/p - Joseph
Aim: Joseph, wielding a quarterstaff and wearing a ring mail (severely wounded, poisoned)
The bolt of acid misses Joseph.
Evoking this partially-identified wand wasted a few charges.
There's nothing to close nearby.
Evoke which item? (* to show all) (? for menu, Esc to quit)
Zapping:
m - a wand of acid {zapped: 6} (will waste charges)
Press: ? - help, Shift-Dir - straight line, f/p - Joseph
Aim: Joseph, wielding a quarterstaff and wearing a ring mail (severely wounded, poisoned) Nothing appears to happen.
You have got your breath back.
Joseph hits you with a quarterstaff!
You die...

You could see Joseph.

Vanquished Creatures
  2 scorpions
  An electric eel (D:6)
  A giant frog zombie (D:7)
  A centaur zombie (D:5)
  A quasit (D:7)
  An iguana (D:5)
  4 orc wizards
  A worker ant (D:4)
  11 gnolls (D:3)
  7 adders
  A shadow imp (D:7)
  4 worms
  2 dart slugs (D:1)
  3 giant geckos
  8 orcs
  6 giant cockroaches
  7 goblins
  A hobgoblin (D:2)
  6 jackals
  7 kobolds
  3 quokkas
  A ball python (D:1)
  7 bats
  2 giant gecko skeletons (D:4)
  4 giant newts
  2 quokka skeletons
  6 rats
100 creatures vanquished.

Action                   |  1- 3 |  4- 6 |  7- 9 || total
-------------------------+-------+-------+-------++-------
Melee: Club              |    10 |     3 |       ||    13
       Whip              |       |    44 |    21 ||    65
       Staff             |       |       |    10 ||    10
 Cast: Freeze            |    42 |    30 |     2 ||    74
       Throw Frost       |       |    31 |     5 ||    36
       Throw Icicle      |       |       |    19 ||    19
 Abil: Spit Poison       |    18 |    34 |     7 ||    59
Evoke: Wand              |       |       |     2 ||     2
  Use: Scroll            |       |     6 |     4 ||    10
 Stab: Sleeping          |       |     1 |       ||     1
  Eat: Chunk             |     2 |    11 |     5 ||    18
       Fruit             |       |       |     1 ||     1
       Pizza             |       |       |     1 ||     1
       Beef jerky        |       |       |     1 ||     1
Armor: Robe              |    15 |    20 |     5 ||    40
Dodge: Dodged            |    28 |    36 |    33 ||    97

Vault maps used:
D:1:      scummos_arrival_star
D:2:      minivault_23, hangedman_decor_clover_reticule
D:3:      gammafunk_temple_overflow_wave
D:5:      nicolae_ashenzari_panopticon, nicolae_overflow_hidden_temple,
          first_bread, portal_sewer_entry_d
D:6:      serial_bayou_ford_a, cheibriados_altar_1, uniq_pikel
D:7:      kennysheep_little_box, gammafunk_temple_overflow_statue, basic_altar,
          uniq_duvessa, uniq_joseph
Temple:   oiseaux_autumnal_temple
